 Dungeon Sprint DCSS version 0.15-a0-756-g319e367 (webtiles) character file.

5172 BluebellGnoll the Eclecticist (level 10, -1/44 HPs)
             Began as a Spriggan Enchanter on May 11, 2014.
             Was the Champion of Dithmenos.
             Slain by a skeletal warrior
             ... wielding the +7,+5 battleaxe of Peace {antimagic, Int+3}
              (28 damage)
             ... in the Dungeon (Sprint V: "Ziggurat Sprint").
             The game lasted 00:36:38 (1524 turns).

BluebellGnoll the Eclecticist (Spriggan Enchanter)  Turns: 1524, Time: 00:36:39

HP  -1/44        AC  6     Str 12      XL: 10   Next: 34%
MP  16/36        EV 33     Int 27      God: Dithmenos [******]
Gold 0           SH  0     Dex 20      Spells:  9 memorised, 19 levels left

rFire  . . .     SeeInvis +     a - +5 quick blade
rCold  + . .     Clarity  .     Q - +1 robe "Qax Sta" {Str+2 Int+5 Dam+4}
rNeg   . . .     Conserve .     (shield restricted)
rPois  .         rCorr    .     (helmet restricted)
rElec  .         rRot     .     c - +2 cloak
SustAb . .       Spirit   .     (gloves unavailable)
rMut   .         Warding  .     (boots unavailable)
Gourm  .         Stasis   +     R - amulet of stasis
MR     +....                    M - ring of Psopp {rC+ Dex+3 Int+2}
                                t - +6 ring of strength

@: repel missiles, invisible, very slightly contaminated, bonded with blade,
wreathed by umbra, bribing [], very quick, somewhat resistant to hostile
enchantments, extremely stealthy
A: unfitting armour, see invisible, herbivore 3, speed 3, slow metabolism 2
a: Shadow Step, Shadow Form, Renounce Religion


You were in the Dungeon.
You worshipped Dithmenos.
Dithmenos was exalted by your worship.
You were very full.

You visited 1 branch

Inventory:

Hand weapons
 a - a +5,+5 quick blade (weapon)
Armour
 c - a +2 cloak (worn)
 Q - the +1 robe "Qax Sta" (worn) {Str+2 Int+5 Dam+4}
   (You took it off a centaur in the Dungeon)

   It affects your strength (+2).
   It affects your intelligence (+5).
   It affects your damage with ranged weapons and melee attacks (+4).
Magical devices
 l - a wand of disintegration (7)
 n - a wand of cold (5)
 o - a wand of draining (5)
 N - a wand of heal wounds (4)
Comestibles
 j - 22 strawberries
 K - 3 bread rations
Scrolls
 b - 2 scrolls of enchant weapon III
 k - 4 scrolls of blinking
 y - 3 scrolls of amnesia
 B - 3 scrolls of recharging
 E - 7 scrolls of fog
 G - 4 scrolls of identify
 I - 5 scrolls of remove curse
 J - a scroll of fear
Jewellery
 d - an uncursed ring of sustain abilities
 m - an uncursed ring of stealth
 p - a +6 ring of dexterity
 q - a +6 ring of dexterity
 r - a +6 ring of intelligence
 s - a +6 ring of intelligence
 t - a +6 ring of strength (left hand)
 u - a +6 ring of strength
 L - the ring of the Ancient Cities {Str+3 Acc+5}
   (You took it off an orc priest in the Dungeon)

   [ring of strength]

   It affects your strength (+3).
   It affects your accuracy with ranged weapons and melee attacks (+5).
 M - the ring of Psopp (right hand) {rC+ Dex+3 Int+2}
   (You found it in the Dungeon)

   [ring of protection from cold]

   It affects your intelligence (+2).
   It affects your dexterity (+3).
   It protects you from cold.
 R - an amulet of stasis (around neck)
Potions
 e - a potion of porridge
 f - 9 potions of curing
 g - 9 potions of heal wounds
 h - 5 potions of haste
 i - 5 potions of magic
 w - a potion of brilliance
 z - 2 potions of restore abilities
 A - 4 potions of resistance
 C - 3 potions of agility
 D - 2 potions of might
 H - 3 potions of berserk rage
Books
 P - a book of the Sky

   Spells                             Type                      Level
   Flight                             Charms/Air                   3
   Airstrike                          Air                          4
   Silence                            Hexes/Air                    5
   Deflect Missiles                   Charms/Air                   6
   Conjure Ball Lightning             Conjuration/Air              6
   Tornado                            Air                          9
Miscellaneous
 v - a disc of storms
Rods
 O - a +5 lightning rod (10/10)
   (You found it in the Dungeon)


   Skills:
 - Level 4.7 Short Blades
 - Level 1.1 Throwing
 * Level 15.0 Dodging
 * Level 15.9 Stealth
 - Level 17.9 Spellcasting
 - Level 0.8 Conjurations
 - Level 6.3 Hexes
 * Level 8.8 Air Magic


You had 19 spell levels left.
You knew the following spells:

 Your Spells              Type           Power        Failure   Level  Hunger
a - Summon Lightning Spi  Summ/Air       #####...     3%          4    None
b - Ensorcelled Hibernat  Hex/Ice        #####.       1%          2    None
c - Confuse               Hex            ######..     1%          3    None
d - Sure Blade            Hex/Chrm       #####.....   1%          2    None
e - Dazzling Spray        Conj/Hex       #####...     1%          3    None
f - Enslavement           Hex            ######..     1%          4    None
g - Blink                 Tloc           N/A          3%          2    None
h - Mephitic Cloud        Conj/Pois/Air  #####...     1%          3    None
i - Repel Missiles        Chrm/Air       #####.       1%          2    None


Dungeon Overview and Level Annotations

Branches:
Dungeon (1/1)

Altars:
Ashenzari
Cheibriados
Dithmenos
Elyvilon
Fedhas
Gozag
Kikubaaqudgha
Makhleb
Nemelex Xobeh
Okawaru
Qazlal
Sif Muna
Trog
Vehumet
Xom
Yredelemnul
Zin
The Shining One
Beogh
Jiyva
Lugonu


Innate Abilities, Weirdness & Mutations

You are tiny and cannot use many weapons and most armour.
You have supernaturally acute eyesight.
You are a herbivore.
You cover ground extremely quickly.
You need consume almost no food.


Message History

Read which item? (? for menu, Esc to quit)
You cannot teleport right now.
Unknown command.
Drink which item? (? for menu, Esc to quit)
You fade into invisibility!
The blizzard demon gestures at you. The bolt of cold misses you.
You are very lightly contaminated with residual magic.
Casting: Blink
Confirm with . or Enter, or press ? or * to list all spells.
Aiming: Dazzling Spray
Press: ? - help, Shift-Dir - straight line, f/p - skeletal warrior
Aim: a skeletal warrior, wielding the +7,+5 battleaxe of Peace {antimagic, Int+3} (moderately damaged, umbra)
The spray of energy hits the skeletal warrior.
The skeletal warrior is moderately damaged.
The spray of energy hits the vampire.
The vampire is lightly damaged.
The skeletal warrior hits you with the +7,+5 battleaxe of Peace {antimagic, Int+3}!
Ouch! That really hurt!
You die...

▓..=::.) ▓..}}|.|.
▓..=|""...▓....)):.
▓.........▓........
▓.........▓........
▓.........▓...%....
▓.........▓..%.....
▓.........▓...%%...
▓2▓z....▓.▓.....%..
▓.@V......▓▓▓▓▓▓▓▓▓
▓▓▓▓▓▓▓▓▓▓▓


You could see a blizzard demon, a skeletal warrior and a vampire (invisible).

Vanquished Creatures
  A yaktaur captain (D)
  3 cyclopes (D)
  2 draconians (D)
  A spiny frog (D)
  2 yaktaurs (D)
  A merfolk (D)
  A slime creature (D)
  A yak (D)
  A wraith (D)
  An ugly thing (D)
  A hippogriff (D)
  2 hell hounds (D)
  A swamp drake (shapeshifter) (D)
  A porcupine (D)
  An ice beast (D)
  A deep dwarf (shapeshifter) (D)
  2 centaurs (D)
  A crocodile (D)
  A giant slug (D)
  2 scorpions (D)
  3 jellies (D)
  2 orc priests (D)
  An orc wizard (D)
  An iguana (D)
  A sheep (D)
  2 adders (D)
  An adder skeleton (D)
  An ooze (D)
  An orc (D)
  A giant gecko skeleton (D)
  A goblin zombie (D)
  A hobgoblin skeleton (D)
  2 rats (D)
45 creatures vanquished.

Vanquished Creatures (collateral kills)
  An ice devil (D)
  A draconian (D)
  2 yaktaurs (D)
  A wolf (D)
  A porcupine (D)
  A centaur (D)
  A goliath beetle (shapeshifter) (D)
  An iron imp (D)
  2 iguanas (D)
  A sheep (D)
  A jackal (D)
  A giant gecko zombie (D)
  A goblin skeleton (D)
  A quokka skeleton (D)
16 creatures vanquished.

Vanquished Creatures (others)
  A lightning spire (D)
1 creature vanquished.

Grand Total: 62 creatures vanquished

Notes
Turn   | Place    | Note
--------------------------------------------------------------
     0 | D        | BluebellGnoll, the Spriggan Enchanter, began the quest for the Orb.
     0 | D        | Reached XP level 1. HP: 9/9 MP: 4/4
     0 | D        | Found a roughly hewn altar of Beogh.
     0 | D        | Found a corrupted altar of Lugonu.
     1 | D        | Found a white marble altar of Elyvilon.
     2 | D        | Found a sparkling altar of Nemelex Xobeh.
     2 | D        | Found a burning altar of Makhleb.
     3 | D        | Found a deep blue altar of Sif Muna.
     3 | D        | Found a bloodstained altar of Trog.
     6 | D        | Found an iron altar of Okawaru.
    18 | D        | Became a worshipper of Dithmenos the Shadowed
    21 | D        | Found an ancient bone altar of Kikubaaqudgha.
    23 | D        | Reached skill level 11 in Stealth
    23 | D        | Reached XP level 2. HP: 13/13 MP: 7/7
    24 | D        | Found a basalt altar of Yredelemnul.
    24 | D        | Found a radiant altar of Vehumet.
    28 | D        | Found a shimmering altar of Xom.
    85 | D        | Entered arena 1.
    85 | D        | Noticed a scorpion
    85 | D        | Noticed a scorpion
    88 | D        | Killed a scorpion
    88 | D        | Reached XP level 3. HP: 16/16 MP: 9/13
    89 | D        | Killed a scorpion
    89 | D        | Reached XP level 4. HP: 21/21 MP: 10/18
    95 | D        | Got the ring "Praez" {Wiz Stlth--}
   101 | D        | Learned a level 2 spell: Ensorcelled Hibernation
   105 | D        | Learned a level 3 spell: Confuse
   108 | D        | Learned a level 2 spell: Sure Blade
   112 | D        | Learned a level 3 spell: Dazzling Spray
   117 | D        | Learned a level 4 spell: Enslavement
   143 | D        | Entered arena 2.
   143 | D        | Noticed a draconian
   143 | D        | Noticed a draconian
   143 | D        | Noticed a draconian
   165 | D        | Killed a draconian
   165 | D        | Reached skill level 12 in Dodging
   165 | D        | Reached XP level 5. HP: 9/24 MP: 8/25
   165 | D        | Reached XP level 6. HP: 10/28 MP: 8/27
   189 | D        | Killed a draconian
   189 | D        | Reached skill level 13 in Dodging
   189 | D        | Reached XP level 7. HP: 12/32 MP: 4/29
   215 | D        | Killed a draconian
   215 | D        | Reached skill level 14 in Stealth
   222 | D        | Learned a level 2 spell: Blink
   226 | D        | Learned a level 3 spell: Mephitic Cloud
   229 | D        | Learned a level 2 spell: Repel Missiles
   435 | D        | Entered arena 3.
   435 | D        | Noticed an orc priest
   435 | D        | Noticed an orc wizard
   435 | D        | Noticed an orc priest
   441 | D        | Killed an orc wizard
   444 | D        | Killed an orc priest
   444 | D        | Acquired Dithmenos' first power
   444 | D        | Reached XP level 8. HP: 36/36 MP: 19/30
   447 | D        | Killed an orc priest
   449 | D        | Got the ring of the Ancient Cities {Str+3 Acc+5}
   497 | D        | Entered arena 4.
   497 | D        | Noticed a goliath beetle
   497 | D        | Noticed a white ugly thing
   497 | D        | Noticed a swamp drake
   497 | D        | Noticed a deep dwarf
   513 | D        | Killed a swamp drake
   517 | D        | Killed a deep dwarf
   517 | D        | Reached skill level 5 in Hexes
   531 | D        | Killed a goliath beetle
   531 | D        | Reached skill level 15 in Stealth
   558 | D        | Killed a white ugly thing
   558 | D        | Acquired Dithmenos' second power
   571 | D        | Learned a level 4 spell: Summon Lightning Spire
   747 | D        | Entered arena 5.
   747 | D        | Noticed a jelly
   747 | D        | Noticed a slime creature
   747 | D        | Noticed a jelly
   747 | D        | Noticed a jelly
   751 | D        | Killed a jelly
   754 | D        | Killed a jelly
   754 | D        | Reached skill level 1 in Air Magic
   764 | D        | Killed a jelly
   796 | D        | Killed a slime creature
   796 | D        | Acquired Dithmenos' third power
   800 | D        | Got the ring of Psopp {rC+ Dex+3 Int+2}
   893 | D        | Entered arena 6.
   893 | D        | Noticed a hell hound
   893 | D        | Noticed an iron imp
   893 | D        | Noticed a hell hound
   904 | D        | Killed a hell hound
   909 | D        | Killed an iron imp
   910 | D        | a hell hound (ally) was killed
   925 | D        | Entered arena 7.
   925 | D        | Noticed a centaur
   925 | D        | Noticed a cyclops
   925 | D        | Noticed a merfolk
   925 | D        | Noticed a centaur
   925 | D        | Noticed a hippogriff
   931 | D        | a cyclops (ally) was killed
   931 | D        | Acquired Dithmenos' fourth power
   938 | D        | Killed a centaur
   939 | D        | Killed a centaur
   940 | D        | Killed a merfolk
   940 | D        | Reached XP level 9. HP: 39/39 MP: 21/33
   942 | D        | Killed a hippogriff
   942 | D        | Reached skill level 5 in Air Magic
   996 | D        | Entered arena 8.
   996 | D        | Noticed a porcupine
   996 | D        | Noticed a crocodile
   996 | D        | Noticed a giant slug
   996 | D        | Noticed an iguana
   996 | D        | Noticed a spiny frog
  1000 | D        | Killed a crocodile
  1001 | D        | Killed a spiny frog
  1001 | D        | Reached skill level 15 in Spellcasting
  1003 | D        | Killed an iguana
  1013 | D        | Killed a porcupine
  1023 | D        | Killed a giant slug
  1097 | D        | Entered arena 9.
  1097 | D        | Noticed a cyclops
  1097 | D        | Noticed a yaktaur captain
  1097 | D        | Noticed a centaur
  1097 | D        | Noticed a yaktaur
  1097 | D        | Noticed a yaktaur
  1097 | D        | Noticed a cyclops
  1097 | D        | Noticed a yaktaur
  1097 | D        | Noticed a yaktaur
  1100 | D        | a cyclops (ally) was killed
  1109 | D        | Killed a centaur
  1119 | D        | Killed a yaktaur
  1119 | D        | Reached skill level 16 in Spellcasting
  1125 | D        | Killed a yaktaur
  1132 | D        | Killed a yaktaur
  1135 | D        | Killed a cyclops
  1135 | D        | Reached skill level 17 in Spellcasting
  1144 | D        | a yaktaur (ally) was killed
  1166 | D        | Killed a yaktaur captain
  1166 | D        | Reached XP level 10. HP: 10/44 MP: 5/36
  1174 | D        | Got the +1 robe "Qax Sta" {Str+2 Int+5 Dam+4}
  1413 | D        | Entered arena 10.
  1413 | D        | Noticed a yak
  1413 | D        | Noticed an iguana
  1413 | D        | Noticed an iguana
  1413 | D        | Noticed a wolf
  1413 | D        | Noticed a porcupine
  1418 | D        | Killed a wolf
  1419 | D        | Killed a porcupine
  1421 | D        | Killed an iguana
  1426 | D        | Killed a yak
  1428 | D        | Killed an iguana
  1503 | D        | Entered arena 11.
  1503 | D        | Noticed a blizzard demon
  1503 | D        | Noticed a wraith
  1503 | D        | Noticed an ice devil
  1503 | D        | Noticed a vampire
  1504 | D        | Noticed an ice beast
  1504 | D        | Identified a +5 rod of inaccuracy (10/13)
  1505 | D        | Noticed a skeletal warrior
  1513 | D        | Killed an ice beast
  1520 | D        | Killed a wraith
  1521 | D        | Killed an ice devil
  1521 | D        | Reached skill level 15 in Dodging
  1524 | D        | Identified the +7,+5 battleaxe of Peace {antimagic, Int+3}
  1524 | D        | Slain by a skeletal warrior

Action                   |  1- 3 |  4- 6 |  7- 9 | 10-12 || total
-------------------------+-------+-------+-------+-------++-------
Melee: Quick blade       |     2 |     9 |    73 |    10 ||    94
 Cast: Ensorcelled Hiber |       |     2 |    11 |     1 ||    14
       Confuse           |       |     2 |    10 |     5 ||    17
       Sure Blade        |       |     1 |     8 |     1 ||    10
       Enslavement       |       |     1 |     7 |       ||     8
       Dazzling Spray    |       |       |    20 |     4 ||    24
       Mephitic Cloud    |       |       |     2 |       ||     2
       Summon Lightning  |       |       |     3 |     2 ||     5
       Repel Missiles    |       |       |     1 |       ||     1
Invok: Shadow Step       |       |       |     2 |       ||     2
Evoke: Rod               |       |       |     1 |       ||     1
  Use: Potion            |     2 |     2 |     8 |     2 ||    14
       Scroll            |       |       |     1 |     1 ||     2
 Stab: Sleeping          |     2 |       |    12 |     1 ||    15
       Invisible         |       |     3 |     9 |     1 ||    13
       Confused          |       |       |     4 |     1 ||     5
